 Dungeon Crawl Stone Soup version 0.24.0-13-gcf9b3192b9 (webtiles) character file.

Game seed: 16374780897972753949, levelgen mode: deterministic

1638 Iamsoldier the Fighter (level 8, 0/75 HPs)
             Began as a Green Draconian Berserker on Nov 5, 2019.
             Was a Believer of Trog.
             Slain by a gnoll sergeant
             ... wielding a +0 trident
              (7 damage)
             ... on level 7 of the Dungeon.
             The game lasted 00:25:18 (9072 turns).

Iamsoldier the Fighter (Green Draconian Berserker)  Turns: 9072, Time: 00:25:18

Health: 0/75       AC:  8    Str: 28    XL:     8   Next: 66%
Magic:  8/8        EV: 20    Int:  7    God:    Trog [**....]
Gold:   201        SH:  0    Dex: 15    Spells: 7/7 levels left

rFire    + . .     SeeInvis .   a - +1 falchion
rCold    x . .     Gourm    .   (no shield)
rNeg     . . .     Faith    .   (armour unavailable)
rPois    +         Spirit   .   (helmet restricted)
rElec    .         Reflect  .   m - +1 cloak
rCorr    .         Harm     .   (no gloves)
MR       ++...                  (no boots)
Stlth    ++........             (no amulet)
HPRegen  1.22/turn              j - ring of fire
MPRegen  0.11/turn              w - ring of poison resistance

@: mighty, agile, marked, berserk cooldown, regenerating
A: breathe noxious fumes, unfitting armour, poison resistance, cold-blooded, AC
+6
a: Breathe Noxious Fumes, Berserk, Trog's Hand, Renounce Religion


You were on level 7 of the Dungeon.
You worshipped Trog.
Trog was pleased with you.
You were near starving.

You visited 1 branch of the dungeon, and saw 7 of its levels.

You collected 201 gold pieces.

Inventory:

Hand Weapons
 a - a +1 falchion (weapon)
 y - a +0 scimitar
Armour
 m - a +1 cloak (worn)
Jewellery
 j - a ring of fire (left hand)
 w - a ring of poison resistance (right hand)
Wands
 o - a wand of random effects (20)
Scrolls
 d - 3 scrolls of enchant weapon
 e - a scroll of enchant armour
 f - a scroll of magic mapping
 k - 4 scrolls of remove curse
 l - a scroll of brand weapon {unknown}
 n - 4 scrolls of identify
 s - 2 scrolls of teleportation
 v - a scroll of immolation
Potions
 h - 5 potions of degeneration
 i - 2 potions of lignification
Comestibles
 b - 7 rations


   Skills:
 * Level 8.4 Fighting
 * Level 7.6 Long Blades
 + Level 5.1 Dodging


You had 7 spell levels left.
You didn't know any spells.
Your spell library was empty.

Dungeon Overview and Level Annotations

Branches:
Dungeon (7/15)
 Temple: D:4-7

Altars:
Ashenzari
Cheibriados
Fedhas
Kikubaaqudgha
Makhleb
Sif Muna
Zin

Annotations:
D:7 Harold


Innate Abilities, Weirdness & Mutations

You can breathe blasts of noxious fumes.
Your lurid green scales are hard. (AC +6)
You cannot fit into any form of body armour.
Your system is resistant to poisons. (rPois)
You are cold-blooded and may be slowed by cold attacks.


Message History

Harold hits you with a +4 dire flail of holy wrath.
* * * LOW HITPOINT WARNING * * *
You slash Harold! You tail-slap Harold.
Harold is moderately wounded.
Your surroundings suddenly seem different.
An adder skeleton comes into view.
A gnoll comes into view. It is wielding a +0 spear.
The gnoll shouts!
You hear a shout! x3
A gnoll sergeant comes into view. It is wielding a +0 trident.
A crimson imp comes into view.
A gnoll comes into view. It is wielding a +0 whip of flaming.
You feel yourself speed up.
A gnoll comes into view. It is wielding a +0 halberd.
The gnoll misses you.
The crimson imp blinks!
Your skin crawls.
You feel resistant to hostile enchantments.
You feel somewhat more hungry.
The gnoll sergeant hits you from afar with a +0 trident!
You die...

...# #5.#
#..# #..#
#ยง.#
#.#####..#
#Zggg...#
#g#####g##
#@..#
#.### #.#
#.# #.#
#.# #.#
#.#


You could see a gnoll sergeant.

Vanquished Creatures
  An orc warrior (D:6)
  An ice beast (D:6)
  4 ogres
  A phantom (D:4)
  A bullfrog (D:6)
  A howler monkey (D:5)
  A crimson imp (D:6)
  A hound (D:5)
  A jelly (D:6)
  6 orc priests
  3 iguanas
  3 orc wizards
  Natasha (thrice) (D:2)
  8 worker ants
  A worker ant zombie (D:5)
  8 adders
  2 oozes
  An adder zombie (D:5)
  5 worms
  A dart slug (D:3)
  9 leopard geckos
  20 orcs
  A ball python (D:2)
  5 bats
  4 giant cockroaches
  3 goblins
  6 hobgoblins
  11 jackals
  4 quokkas
  7 frilled lizards
  5 kobolds
  A quokka skeleton (D:5)
  5 rats
134 creatures vanquished.

Vanquished Creatures (others)
  A human (D:3)
  An orc wizard (D:5)
2 creatures vanquished.

Grand Total: 136 creatures vanquished

Notes
Turn   | Place    | Note
-------+----------+-------------------------------------------
     0 | D:1      | Iamsoldier the Draconian Berserker began the quest for the
                  | Orb.
     0 | D:1      | Reached XP level 1. HP: 19/19 MP: 1/1
   290 | D:1      | Reached XP level 2. HP: 26/26 MP: 2/2
  1633 | D:2      | Reached XP level 3. HP: 33/33 MP: 3/3
  1653 | D:2      | Reached skill level 4 in Fighting
  1664 | D:2      | Noticed Natasha
  1673 | D:2      | Killed Natasha
  1854 | D:2      | Reached XP level 4. HP: 34/40 MP: 4/4
  1995 | D:2      | Noticed Natasha
  2004 | D:2      | Killed Natasha
  2246 | D:2      | Noticed Natasha
  2251 | D:2      | Killed Natasha
  2254 | D:2      | Reached XP level 5. HP: 47/47 MP: 5/5
  2567 | D:2      | Found a burning altar of Makhleb.
  2912 | D:3      | Found a snail-covered altar of Cheibriados.
  2965 | D:3      | Found an ancient bone altar of Kikubaaqudgha.
  2965 | D:3      | Noticed a human
  2968 | D:3      | Killed a human
  3658 | D:3      | Reached skill level 5 in Fighting
  4129 | D:4      | Reached ** piety under Trog
  4133 | D:4      | Reached XP level 6. HP: 56/56 MP: 6/6
  4133 | D:4      | Reached skill level 5 in Long Blades
  4810 | D:4      | Reached skill level 6 in Fighting
  4810 | D:4      | Your scales start taking on a lurid green colour.
  4810 | D:4      | Reached XP level 7. HP: 40/63 MP: 7/7
  4810 | D:4      | Gained mutation: Your system is resistant to poisons.
                  | (rPois) [Green Draconian growth]
  6092 | D:4      | Reached skill level 7 in Fighting
  6547 | D:5      | Entered Level 5 of the Dungeon
  6740 | D:5      | Found a blossoming altar of Fedhas.
  6791 | D:5      | Reached XP level 8. HP: 61/73 MP: 8/8
  7664 | D:5      | Found a glowing silver altar of Zin.
  7665 | D:5      | Found a shimmering blue altar of Sif Muna.
  8132 | D:6      | Reached skill level 8 in Fighting
  8185 | D:6      | Found a shattered altar of Ashenzari.
  8189 | D:6      | Saw a vision of the Shoals and the Snake Pit.
  8189 | D:6      | Noticed a naga sharpshooter
  8189 | D:6      | Noticed a merfolk
  8189 | D:6      | Noticed a merfolk
  8189 | D:6      | Noticed a hippogriff
  8189 | D:6      | Noticed an anaconda
  8189 | D:6      | Noticed a sea snake
  8189 | D:6      | Noticed a salamander
  8189 | D:6      | Noticed a naga mage
  8189 | D:6      | Noticed a black mamba
  8189 | D:6      | Noticed a mana viper
  8189 | D:6      | Noticed a naga warrior
  8193 | D:6      | Noticed a merfolk
  8196 | D:6      | Noticed a black mamba
  8197 | D:6      | Noticed an anaconda
  8198 | D:6      | Noticed a mana viper
  8255 | D:6      | Reached skill level 5 in Dodging
  9032 | D:7      | Noticed Harold
  9072 | D:7      | Slain by a gnoll sergeant

Levels and vault maps discovered:
D:1:      psy_arrival_heroes, layout_loops_corners
D:2:      layout_basic, lemuel_round_altar, uniq_natasha
D:3:      layout_basic, cheibriados_altar_1, tgw_kikubaaqudgha
D:4:      layout_cave_pods, first_ration
D:5:      layout_loops_ring, fedhas_altar_2, gammafunk_temple_overflow_statue
D:6:      layout_basic, grunt_ashenzari_visionary
          [grunt_ashenzari_visionary_shoals, grunt_ashenzari_visionary_snake]
D:7:      layout_loops_ring, minmay_temple_entry_gardened_gates, serial_shops,
          nicolae_shop_statue_plus, uniq_harold

Skill      XL: |  1  2  3  4  5  6  7  8 |
---------------+-------------------------+-----
Dodging        | 3 4 5 |  5.1
Fighting       | 4 5 6 7 8 |  8.4
Long Blades    | 4 5 6 7 |  7.6

Action                   |  1- 3 |  4- 6 |  7- 9 || total
-------------------------+-------+-------+-------++-------
Melee: Falchion          |    63 |   145 |   290 ||   498
       Tailslap          |     7 |    19 |    31 ||    57
Invok: Berserk           |     1 |     7 |     5 ||    13
       Trog's Hand       |       |       |     2 ||     2
 Abil: Breathe Noxious F |       |       |     4 ||     4
  Use: Scroll            |       |       |    12 ||    12
       Potion            |       |       |    12 ||    12
 Stab: Confused          |       |       |     3 ||     3
       Sleeping          |       |       |     1 ||     1
  Eat: Chunk             |     4 |    12 |     8 ||    24
       Ration            |       |     1 |     3 ||     4
Armor: Skin              |    21 |    46 |   128 ||   195
Dodge: Dodged            |    39 |   119 |   201 ||   359
       Rpst.: Falchion   |    12 |    39 |    53 ||   104
